Map: Incorporeal LE

Players

SHIN - Winner!

  • Race: Zerg Zerg
  • Spawn Location: 5:00

Solar

  • Race: Zerg Zerg
  • Spawn Location: 11:00

Event: Esports World Cup 2025

VOD

Have the link to the VOD?

Description

Time

  • Played on: July 24, 2025, 5:36 a.m.
  • Length: 17:35

All games in this series

Show
View Real Time Build Order
Export as new Build Order

SHIN Zerg - Winner!

Build Orders: Hatch First, Roach Hydra 

Get SALT Encoding   

  12  0:00  Drone  
  13  0:07  Drone  
  14  0:14  Drone, Extractor  
  15  0:22  Overlord  
  15  0:40  Drone  
  16  0:45  Hatchery  
  16  0:49  Drone  
  16  0:52  Drone  
  16  0:56  Drone  
  18  1:06  Extractor  
  18  1:11  Spawning Pool  
  16  1:14  Drone  
  16  1:18  Drone  
  18  1:26  Drone  
  19  1:38  Drone  
  20  1:48  Drone  
  21  1:57  Queen x2  
  21  1:58  Zergling x2  
  21  1:59  Overlord  
  26  2:08  Drone  
  26  2:09  Drone  
  26  2:11  Metabolic Boost  
  28  2:19  Drone  
  28  2:20  Drone  
  30  2:30  Zergling x2  
  30  2:31  Drone  
  32  2:37  Hatchery  
  32  2:40  Drone  
  32  2:41  Drone  
  33  2:47  Baneling Nest  
  33  2:51  Drone  
  33  2:53  Drone  
  34  3:01  Overlord  
  34  3:07  Zergling x4  
  36  3:16  Overlord  
  36  3:19  Drone, Queen  
  39  3:20  Drone x3  
  39  3:24  Drone  
  39  3:26  Zergling x2  
  44  3:31  Overlord  
  44  3:36  Drone  
  44  3:39  Drone x3  
  44  3:41  Drone x3  
  51  3:45  Baneling  
  51  3:46  Drone  
  51  3:49  Drone  
  51  3:50  Drone  
  51  3:54  Drone  
  54  3:57  Roach Warren, Extractor  
  54  4:00  Drone x2  
  54  4:05  Drone  
  54  4:08  Evolution Chamber  
  54  4:10  Overlord  
  54  4:12  Drone x4  
  58  4:17  Lair  
  58  4:20  Overlord  
  58  4:22  Drone  
  60  4:24  Drone  
  60  4:26  Extractor  
  60  4:28  Drone  
  60  4:29  Drone x3  
  62  4:33  Zergling x4  
  62  4:36  Zerg Missile Weapons Level 1  
  64  4:42  Extractor  
  64  4:44  Drone x3  
  66  4:47  Overlord  
  66  4:48  Drone  
  66  4:49  Drone x3  
  70  4:54  Roach  
  70  4:56  Overlord  
  71  5:00  Extractor  
  71  5:02  Roach x4  
  78  5:10  Drone  
  79  5:16  Drone x2, Spire  
  79  5:17  Glial Reconstitution  
  79  5:20  Drone x6  
  86  5:22  Extractor  
  86  5:24  Overlord  
  86  5:25  Roach x2  
  89  5:31  Overlord  
  89  5:32  Roach x2  
  92  5:39  Drone x2  
  92  5:40  Drone  
  92  5:42  Overlord  
  95  5:45  Roach  
  95  5:49  Overlord  
  97  5:51  Hatchery  
  97  5:52  Roach x4  
  97  5:57  Overlord  
  102  5:59  Overlord  
  102  6:07  Centrifugal Hooks  
  101  6:14  Overlord x2  
  101  6:27  Mutalisk x2  
  101  6:28  Mutalisk x2  
  101  6:29  Roach x5  
  101  6:30  Zerg Missile Weapons Level 2, Roach  
  121  6:37  Overlord  
  121  6:44  Zergling x14  
  128  6:49  Zergling x2, Overlord  
  129  6:54  Zergling x8  
  129  6:57  Zergling x2  
  134  7:03  Zergling x2  
  134  7:04  Queen  
  134  7:05  Roach x2  
  134  7:07  Overlord  
  134  7:08  Roach x2  
  145  7:11  Roach x4  
  145  7:15  Baneling x22  
  153  7:16  Baneling  
  153  7:18  Baneling  
  153  7:19  Baneling  
  153  7:20  Zergling x8  
  155  7:25  Baneling x3, Roach  
  155  7:26  Zergling x4  
  155  7:29  Roach x2  
  163  7:30  Zergling x2  
  163  7:33  Overlord  
  163  7:36  Hydralisk Den  
  163  7:37  Roach  
  165  7:42  Roach x3  
  171  7:46  Overlord x2  
  167  7:55  Roach x2  
  167  7:56  Roach x3  
  167  7:57  Roach  
  167  7:58  Roach  
  151  7:59  Roach  
  151  8:01  Roach  
  151  8:03  Roach  
  151  8:05  Roach  
  143  8:06  Roach  
  143  8:08  Roach  
  143  8:10  Roach  
  138  8:13  Roach x2  
  138  8:15  Hydralisk  
  138  8:16  Grooved Spines  
  136  8:21  Overlord x2  
  136  8:25  Overlord x2  
  136  8:30  Overlord x2  
  136  8:32  Overlord  
  134  8:35  Overlord  
  134  8:42  Hydralisk, Overlord x2  
  136  8:48  Hydralisk x3  
  136  8:51  Roach  
  136  8:53  Hydralisk  
  146  8:57  Hydralisk  
  146  8:58  Hydralisk  
  146  8:59  Spore Crawler  
  146  9:02  Hydralisk  
  151  9:05  Hydralisk x2  
  151  9:07  Hydralisk, Muscular Augments  
  157  9:11  Hydralisk, Roach  
  157  9:13  Ravager x2  
  157  9:16  Roach x2  
  167  9:17  Roach  
  167  9:20  Roach  
  167  9:21  Roach  
  167  9:22  Roach  
  173  9:24  Overlord  
  173  9:26  Roach  
  173  9:30  Overlord, Spore Crawler  
  172  9:32  Overlord  
  172  9:34  Roach  
  172  9:36  Roach  
  172  9:38  Roach  
  164  9:40  Roach  
  164  9:41  Roach  
  164  9:43  Roach  
  164  9:44  Roach  
  150  9:48  Hydralisk, Roach  
  150  9:49  Roach  
  150  9:51  Roach  
  148  9:53  Hydralisk  
  148  9:55  Hydralisk  
  148  9:57  Roach  
  148  9:59  Roach  
  156  10:03  Roach x2  
  160  10:08  Hydralisk, Overlord  
  160  10:10  Roach  
  160  10:12  Roach  
  166  10:15  Hydralisk x2  
  170  10:24  Roach  
  170  10:27  Ravager x4  
  170  10:28  Hatchery  
  175  10:32  Roach x2  
  179  10:37  Roach x3  
  189  10:43  Roach x3  
  189  10:45  Overlord  
  191  10:51  Roach  
  191  10:52  Overlord  
  191  10:53  Overlord  
  193  11:00  Roach  
  185  11:04  Roach x5  
  185  11:05  Roach  
  185  11:07  Roach x2  
  185  11:10  Ravager, Roach  
  200  11:21  Roach x3  
  200  11:31  Hatchery  
  199  11:35  Roach  
  199  11:36  Roach  
  199  11:37  Roach  
  199  11:54  Roach  
  199  11:55  Roach  
  199  11:56  Roach  
  199  11:57  Roach x2  
  199  11:59  Roach  
  199  12:00  Roach  
  191  12:01  Hydralisk, Infestation Pit  
  191  12:02  Roach x4  
  200  12:10  Zerg Ground Armor Level 1  
  200  12:19  Roach x2  
  200  12:20  Roach  
  200  12:21  Roach x2  
  196  12:23  Roach x2  
  196  12:25  Roach  
  200  12:33  Roach  
  200  12:36  Roach  
  199  12:43  Roach x2  
  198  12:52  Roach  
  198  12:53  Roach  
  198  12:56  Roach x2  
  198  12:57  Roach x5  
  185  12:59  Roach x2  
  185  13:04  Roach x2  
  158  13:06  Roach  
  158  13:07  Hydralisk  
  158  13:08  Hydralisk  
  158  13:09  Hydralisk  
  158  13:10  Roach  
  168  13:13  Infestor  
  168  13:14  Infestor  
  168  13:18  Infestor  
  174  13:20  Infestor  
  174  13:23  Roach  
  174  13:24  Hydralisk  
  180  13:31  Hydralisk x2  
  184  13:35  Hydralisk  
  184  13:36  Roach  
  184  13:40  Hydralisk  
  190  13:41  Roach  
  190  13:44  Roach x2  
  194  13:48  Roach  
  194  13:49  Roach x2  
  190  13:57  Roach x3  
  190  13:58  Roach  
  190  13:59  Roach  
  190  14:00  Roach  
  168  14:03  Roach  
  168  14:05  Roach  
  168  14:06  Roach  
  168  14:08  Roach  
  170  14:12  Roach x2  
  170  14:14  Roach  
  170  14:17  Roach  
  170  14:19  Roach  
  170  14:21  Roach  
  176  14:24  Roach  
  176  14:26  Roach  
  176  14:29  Ravager, Roach  
  181  14:32  Roach  
  181  14:35  Roach  
  185  14:38  Roach  
  185  14:41  Roach  
  185  14:43  Roach  
  183  14:48  Roach  
  183  14:51  Hydralisk  
  183  14:52  Roach  
  169  14:55  Roach  
  169  14:57  Roach  
  165  15:03  Roach  
  155  15:11  Roach  
  139  15:16  Zergling x2  
  130  15:27  Roach  
  126  15:35  Roach  
  120  15:41  Roach  
  108  15:45  Zergling x2  
  108  15:48  Zergling x2  
  108  15:51  Roach  
  108  15:53  Roach  
  108  15:56  Roach  
  111  15:59  Roach  
  111  16:03  Roach  
  115  16:05  Roach  
  115  16:08  Roach  
  115  16:10  Roach  
  119  16:13  Roach  
  119  16:15  Zergling x2  
  119  16:17  Ravager  
  123  16:20  Roach  
  123  16:21  Roach  
  123  16:24  Roach  
  127  16:28  Roach  
  127  16:31  Roach  
  127  16:32  Roach  
  130  16:36  Roach  
  130  16:38  Roach  
  131  16:41  Roach  
  131  16:44  Roach  
  133  16:47  Roach  
  133  16:50  Roach  
  133  16:53  Roach  
  139  16:55  Roach  
  139  16:58  Roach  
  140  17:04  Roach x2  
  140  17:08  Roach  
  144  17:09  Roach  
  144  17:12  Roach  
  137  17:16  Roach  
Show
View Real Time Build Order
Export as new Build Order

Solar Zerg 

Build Orders: Hatch First 

Get SALT Encoding   

  12  0:00  Drone  
  13  0:07  Drone  
  14  0:14  Extractor  
  14  0:15  Drone  
  15  0:21  Overlord  
  15  0:41  Drone  
  16  0:45  Hatchery  
  16  0:49  Drone  
  16  0:54  Drone  
  17  0:57  Drone  
  18  1:08  Extractor  
  17  1:11  Spawning Pool  
  17  1:13  Drone  
  17  1:17  Drone  
  18  1:27  Drone  
  19  1:37  Drone  
  20  1:50  Drone  
  21  1:58  Zergling x2, Queen x2  
  21  1:59  Overlord  
  26  2:08  Drone  
  26  2:10  Drone, Metabolic Boost  
  28  2:21  Drone  
  29  2:23  Zergling x2  
  30  2:31  Hatchery  
  30  2:34  Drone  
  31  2:37  Drone  
  31  2:42  Overlord  
  31  2:46  Drone  
  31  2:50  Baneling Nest  
  31  2:54  Drone x2  
  32  3:02  Drone  
  32  3:03  Zergling x2  
  34  3:06  Drone x3  
  34  3:08  Drone  
  34  3:10  Drone  
  40  3:12  Drone  
  40  3:16  Evolution Chamber  
  40  3:18  Zergling x2  
  40  3:20  Drone  
  40  3:24  Overlord  
  41  3:28  Zergling x2  
  42  3:37  Drone  
  42  3:39  Drone  
  42  3:40  Roach Warren  
  42  3:41  Drone  
  44  3:43  Drone, Zerg Missile Weapons Level 1  
  44  3:44  Drone  
  46  3:49  Drone  
  46  3:51  Queen  
  46  3:53  Drone  
  49  3:56  Extractor  
  49  3:57  Zergling x2  
  49  3:59  Drone  
  49  4:00  Baneling  
  49  4:01  Drone  
  49  4:02  Drone  
  52  4:05  Overlord  
  52  4:07  Drone  
  53  4:11  Drone x3  
  56  4:20  Drone  
  56  4:21  Drone  
  56  4:23  Lair  
  56  4:24  Overlord  
  58  4:25  Drone  
  58  4:26  Drone  
  60  4:33  Extractor, Roach x3  
  60  4:34  Drone  
  66  4:44  Overlord  
  65  4:46  Drone x3  
  65  4:48  Overlord  
  65  4:49  Extractor  
  67  4:55  Drone x4  
  67  4:58  Drone  
  72  5:00  Extractor  
  72  5:02  Overlord  
  72  5:05  Drone x4  
  75  5:15  Drone x2  
  75  5:17  Drone  
  75  5:19  Drone x4  
  75  5:20  Roach  
  75  5:21  Extractor  
  83  5:22  Overseer  
  83  5:23  Glial Reconstitution  
  83  5:24  Overlord x2  
  83  5:27  Roach  
  85  5:33  Roach  
  85  5:34  Spire  
  88  5:35  Roach  
  88  5:37  Overlord  
  87  5:43  Roach x2  
  87  5:44  Roach x2  
  87  5:48  Drone, Overlord  
  96  5:52  Overlord  
  96  5:53  Roach x5  
  96  5:55  Overlord  
  105  6:00  Drone  
  105  6:03  Overlord  
  106  6:06  Overlord  
  106  6:12  Drone  
  106  6:14  Spore Crawler  
  106  6:15  Drone  
  106  6:17  Roach x2  
  111  6:19  Overlord x2  
  111  6:28  Roach x3  
  111  6:29  Spore Crawler  
  115  6:45  Corruptor x7  
  131  6:49  Corruptor  
  133  6:54  Roach x3  
  133  6:57  Roach  
  133  6:59  Roach x4  
  147  7:04  Overlord  
  147  7:07  Roach x2  
  151  7:11  Roach x2  
  151  7:13  Overlord  
  151  7:14  Hatchery  
  154  7:17  Roach  
  154  7:22  Overlord  
  156  7:24  Ravager x3  
  156  7:27  Roach x5  
  169  7:33  Roach  
  169  7:34  Roach x3  
  177  7:38  Overlord  
  177  7:41  Overlord  
  177  7:46  Zerg Missile Weapons Level 2  
  173  7:53  Roach  
  173  7:54  Roach x4  
  173  7:57  Roach x4  
  156  7:59  Roach x2  
  156  8:03  Roach x3  
  144  8:05  Roach  
  144  8:10  Roach x3  
  142  8:15  Queen  
  138  8:21  Queen  
  138  8:24  Roach x3  
  138  8:26  Roach x2  
  150  8:29  Roach x3  
  150  8:32  Roach x2  
  156  8:34  Roach  
  156  8:35  Overlord  
  156  8:40  Roach x2  
  162  8:42  Ravager x2  
  162  8:43  Ravager  
  162  8:46  Roach x2  
  165  8:50  Roach x2  
  171  8:55  Roach x2  
  171  8:56  Roach x3  
  171  8:58  Ravager  
  171  8:59  Ravager  
  171  9:00  Roach  
  181  9:06  Roach x3  
  187  9:10  Roach x2  
  187  9:15  Roach  
  187  9:16  Roach  
  195  9:20  Roach  
  195  9:23  Roach  
  197  9:25  Ravager  
  197  9:27  Roach  
  200  9:37  Roach x2  
  184  9:40  Roach x9  
  184  9:41  Roach  
  184  9:44  Roach  
  177  9:50  Roach  
  166  9:54  Queen  
  166  9:55  Roach  
  166  9:56  Roach x2  
  166  9:59  Roach  
  176  10:01  Roach x3  
  174  10:07  Ravager  
  174  10:08  Roach x3  
  174  10:11  Ravager  
  174  10:13  Roach x2  
  174  10:14  Roach  
  184  10:15  Extractor  
  184  10:18  Roach  
  185  10:21  Roach  
  185  10:22  Roach x2  
  185  10:24  Roach x2  
  185  10:28  Roach x2  
  199  10:32  Ravager  
  200  10:40  Zerg Ground Armor Level 1  
  200  10:48  Hatchery  
  199  10:53  Roach  
  199  11:02  Roach  
  191  11:07  Roach x5  
  191  11:10  Centrifugal Hooks  
  199  11:16  Zergling x18  
  200  11:20  Zergling x4  
  200  11:32  Zergling x12  
  200  11:36  Baneling x16  
  200  11:37  Baneling x2  
  196  11:40  Baneling x4  
  196  11:41  Roach x2  
  200  11:53  Baneling x12  
  200  11:58  Roach x2  
  200  11:59  Roach x6  
  196  12:01  Roach  
  197  12:10  Roach x2  
  199  12:18  Roach  
  199  12:22  Roach x6  
  198  12:30  Roach  
  198  12:36  Roach  
  198  12:43  Roach x2  
  198  12:48  Roach  
  198  12:50  Roach  
  199  12:56  Hatchery  
  199  12:57  Roach x5  
  189  13:00  Roach x2  
  189  13:01  Roach x10  
  189  13:02  Roach x2  
  188  13:06  Roach  
  188  13:07  Roach x3  
  188  13:11  Roach  
  188  13:12  Roach x2  
  194  13:16  Roach x2  
  194  13:18  Ravager x5  
  200  13:36  Overseer  
  200  13:37  Pneumatized Carapace  
  200  13:53  Roach  
  189  13:56  Roach x4  
  189  14:00  Roach x13  
  189  14:02  Roach  
  193  14:04  Roach  
  193  14:07  Roach x2  
  191  14:10  Roach  
  191  14:12  Roach  
  191  14:13  Roach  
  191  14:16  Roach  
  183  14:18  Roach  
  183  14:19  Ravager x2  
  183  14:20  Ravager x3  
  183  14:21  Ravager x2  
  186  14:24  Roach  
  186  14:28  Roach x2  
  186  14:30  Roach  
  194  14:34  Roach x2  
  194  14:36  Roach  
  200  14:40  Roach  
  200  14:42  Roach  
  200  14:45  Roach  
  192  14:47  Roach x2  
  192  14:50  Roach x2  
  192  14:51  Roach  
  176  14:54  Roach  
  176  14:55  Roach  
  176  14:58  Roach  
  172  15:00  Roach  
  172  15:02  Roach  
  172  15:04  Roach  
  158  15:08  Roach  
  158  15:09  Roach  
  158  15:11  Roach x2  
  158  15:14  Roach  
  146  15:15  Roach  
  146  15:18  Roach x2  
  132  15:26  Roach x3  
  124  15:30  Roach x2  
  124  15:34  Roach x2  
  120  15:37  Roach x2  
  120  15:40  Roach  
  116  15:42  Roach  
  116  15:46  Roach x2  
  116  15:49  Roach  
  118  15:51  Roach  
  118  15:52  Roach  
  118  15:53  Roach  
  113  15:57  Roach x2  
  113  15:58  Roach  
  113  16:03  Roach x2  
  119  16:05  Ravager  
  119  16:07  Roach x2  
  119  16:13  Roach x3  
  119  16:16  Roach  
  119  16:17  Ravager  
  119  16:18  Ravager x2  
  126  16:19  Ravager  
  126  16:24  Roach  
  129  16:27  Roach  
  124  16:33  Roach  
  124  16:35  Roach  
  124  16:36  Roach  
  124  16:38  Ravager  
  121  16:41  Roach  
  121  16:44  Roach  
  126  16:47  Roach  
  126  16:50  Roach x2  
  126  16:51  Ravager x2  
  131  16:55  Roach  
  131  16:57  Roach  
  131  16:58  Roach  
  131  17:01  Roach  
  139  17:03  Roach  
  124  17:10  Roach x2  
  124  17:12  Roach  
Tags
 
Add a new tag
Caveats
  • Supply blocks, unpowered buildings, or Contaminate may cause inaccurate times.
  • Supply counts are checked every 10 seconds.